 Dungeon Crawl Stone Soup version 0.19-a0-373-g328f2f0 (webtiles) character file.

312 AlphabetPasta the Gusty (level 6, -10/32 HPs)
             Began as a Kobold Air Elementalist on May 30, 2016.
             Mangled by an ogre
             ... wielding a +0 giant spiked club
              (29 damage)
             ... on level 4 of the Dungeon.
             The game lasted 00:18:04 (4445 turns).

AlphabetPasta the Gusty (Kobold Air Elementalist)   Turns: 4445, Time: 00:18:05

Health: -10/32     AC:  4    Str:  6      XL:     6   Next: 71%
Magic:  4/11       EV: 16    Int: 15      God:
Gold:   95         SH:  0    Dex: 16 (17) Spells: 4 memorised, 3 levels left

rFire  . . .     SeeInvis .     i - +1 short sword
rCold  . . .     Gourm    .     a - +1 robe
rNeg   . . .     Faith    .     (shield restricted)
rPois  .         Spirit   .     h - +0 helmet
rElec  .         Dismiss  .     (no cloak)
rCorr  .         Reflect  .     (no gloves)
SustAt .         Harm     .     (no boots)
MR     .....                    (no amulet)
Stlth  ++........               (no ring)
                                (no ring)

@: repel missiles, not resistant to hostile enchantments, unstealthy
A: carnivore 3
a: no special abilities


You were on level 4 of the Dungeon.
You were completely stuffed.

You visited 1 branch of the dungeon, and saw 4 of its levels.

You collected 95 gold pieces.

Inventory:

Hand Weapons
 i - a +1 short sword (weapon)
Armour
 a - a +1 robe (worn)
 h - a +0 helmet (worn)
 p - a +2 hat
Wands
 r - a wand of random effects (31/48)
Scrolls
 f - 2 scrolls of identify
 g - a scroll of remove curse
 k - a scroll of enchant weapon
 m - a scroll of fog
 q - 3 scrolls of enchant armour
Potions
 d - a potion of resistance
 e - 2 potions of might
 j - a potion of cancellation
Books
 b - a book of Air

   Spells                             Type                      Level
   a - Shock                          Conjuration/Air              1
   b - Swiftness                      Charms/Air                   2
   c - Repel Missiles                 Charms/Air                   2
   d - Static Discharge               Conjuration/Air              3
   e - Lightning Bolt                 Conjuration/Air              5
Comestibles
 c - 2 meat rations
 l - a beef jerky
 n - 3 chunks of flesh
 o - a slice of pizza


   Skills:
 + Level 2.1 Short Blades
 - Level 3.1 Dodging
 - Level 2.6 Stealth
 - Level 1.0 Unarmed Combat
 * Level 3.4 Spellcasting
 + Level 2.6 Conjurations
 * Level 4.6 Air Magic


You had 3 spell levels left.
You knew the following spells:

 Your Spells              Type           Power        Failure   Level  Hunger
a - Shock                 Conj/Air       ##..         4%          1    None
b - Repel Missiles        Chrm/Air       #.....       12%         2    ##.....
c - Swiftness             Chrm/Air       #.......     12%         2    ##.....
d - Static Discharge      Conj/Air       ##......     14%         3    ###....


Dungeon Overview and Level Annotations

Branches:
Dungeon (4/15)             Temple (0/1) D:4

Altars:
Nemelex Xobeh
Trog
The Shining One


Innate Abilities, Weirdness & Mutations

You are small and have problems with some larger weapons.
You are carnivorous and can eat meat at any time.


Message History

Aiming: Shock
Press: ? - help, Shift-Dir - straight line, f/p - ogre
Aim: an ogre, wielding a giant spiked club (lightly wounded)
The zap hits the ogre.
The ogre is lightly wounded.
The zap hits the ogre.
The ogre is moderately wounded.
Casting: Shock
Confirm with . or Enter, or press ? or * to list all spells.
Aiming: Shock
Press: ? - help, Shift-Dir - straight line, f/p - ogre
Aim: an ogre, wielding a giant spiked club (moderately wounded) That beam is likely to hit you.
Continue anyway? (Key replay ran out of keys)
The zap hits the ogre.
The ogre is moderately wounded.
The zap misses the ogre.
The zap misses you.
The ogre hits you with a giant spiked club!!
Ouch! That really hurt!
You die...

,,,,*,,,,............,,,,,,,,,,,,
,,,,,,,,,...........,,,,,,,,,,,,,
*,,,,,****,........#8***8**,,,**8
*******,,***#......### ****,,,***
*,,+,,+,,*,,#........# *,*8,,,8*
*,,*,,*,,+,,+....#**+###,**,,,**
*,,********##....#,....#,**,,,*
*+**,,,,+,,#.....#.#'#.#,**,,,**
,,,,,,,,*,,#...)@O.#>#.+,*8,,,8*
+***+**,***##....#.###.#,**,,,**
,,*,,,*,,*,,#....#,....#,,,,,,*
,,*,,,*,,+,,#....#**+###*******
#*******,***##....,,,*
#,,+,,,*,,+,,#...#****
#,,*,,,*,,*,,#...#
#***,,,*,****#...#
...**+**,*,,*,,,,*


You could see an ogre.

Vanquished Creatures
  Menkaure (D:4)
  A giant frog skeleton (D:4)
  8 adders
  An ooze (D:3)
  An adder skeleton (D:4)
  2 worms
  A dart slug (D:2)
  2 giant geckos
  10 orcs
  3 ball pythons
  8 bats
  2 giant cockroaches
  12 goblins
  5 hobgoblins
  2 jackals
  8 kobolds
  A quokka (D:2)
  6 giant newts
  2 rats
76 creatures vanquished.

Notes
Turn   | Place    | Note
--------------------------------------------------------------
     0 | D:1      | AlphabetPasta the Kobold Air Elementalist began the quest for the Orb.
     0 | D:1      | Reached XP level 1. HP: 10/10 MP: 3/3
     8 | D:1      | Reached skill level 1 in Conjurations
   160 | D:1      | Reached XP level 2. HP: 15/15 MP: 1/5
   164 | D:1      | Learned a level 2 spell: Repel Missiles
   686 | D:1      | Reached XP level 3. HP: 14/19 MP: 0/6
   908 | D:1      | Learned a level 2 spell: Swiftness
  1602 | D:2      | Reached XP level 4. HP: 24/24 MP: 2/7
  2460 | D:2      | HP: 1/24 [adder (3)]
  2465 | D:2      | Reached skill level 1 in Unarmed Combat
  2465 | D:2      | Reached XP level 5. HP: 16/28 MP: 1/8
  2864 | D:3      | Reached skill level 4 in Air Magic
  2869 | D:3      | Learned a level 3 spell: Static Discharge
  2964 | D:3      | Reached skill level 1 in Short Blades
  3359 | D:3      | Found a bloodstained altar of Trog.
  3359 | D:3      | Found a sparkling altar of Nemelex Xobeh.
  3424 | D:3      | Found a glowing golden altar of the Shining One.
  4225 | D:4      | Reached XP level 6. HP: 19/32 MP: 0/10
  4415 | D:4      | Noticed a phantom
  4430 | D:4      | Noticed Menkaure
  4435 | D:4      | Killed Menkaure
  4439 | D:4      | Found a staircase to the Ecumenical Temple.
  4439 | D:4      | Noticed an ogre
  4445 | D:4      | Mangled by an ogre

Vault maps used:
D:1:      saegor_arrival_simple_a, minmay_misc_feat_cross
D:2:      due_unseen_surprise
D:3:      gammafunk_temple_overflow_forgotten
D:4:      corexii_shantytown, minmay_temple_entry_glassed_door, first_bread,
          serial_corexii_hall, corexii_hall_statues_i, corexii_hall_statues_x,
          corexii_hall_statues_i, corexii_hall_statues_t,
          corexii_hall_statues_x, corexii_hall_statues_x, uniq_menkaure

Skill      XL: |  1  2  3  4  5  6 |
---------------+-------------------+-----
Conjurations   | 1 2 |  2.6
Dodging        | 3 |  3.1
Unarmed Combat | 1 |  1.0
Air Magic      | 4 |  4.6
Short Blades   | 1 2 |  2.1
Spellcasting   | 3 |  3.4
Stealth        | |  2.6

Action                   |  1- 3 |  4- 6 || total
-------------------------+-------+-------++-------
Melee: Unarmed           |    11 |       ||    11
       Short sword       |    17 |    47 ||    64
 Cast: Shock             |    68 |   135 ||   203
       Repel Missiles    |     1 |       ||     1
       Static Discharge  |       |     1 ||     1
  Use: Potion            |       |     3 ||     3
       Scroll            |       |     9 ||     9
 Stab: Sleeping          |     1 |     2 ||     3
  Eat: Chunk             |    12 |    11 ||    23
Armor: Robe              |     6 |     8 ||    14
Dodge: Dodged            |    45 |    56 ||   101
